Map: Solaris LE

Players

Rom - Winner!

  • Race: Protoss Protoss
  • League: Gold
  • Spawn Location: 7:00

VOD

Have the link to the VOD?

Description

Time

  • Played on: March 12, 2024, 6:24 p.m.
  • Length: 40:25
Show
View Real Time Build Order
Export as new Build Order

Rom Protoss - Winner!

Build Orders:  

Get SALT Encoding   

  12  0:16  Probe (Chrono Boost)  
  13  0:32  Probe (Chrono Boost)  
  13  0:37  Pylon  
  14  0:49  Probe (Chrono Boost)  
  15  1:14  Probe (Chrono Boost)  
  15  1:19  Gateway  
  17  1:31  Probe (Chrono Boost)  
  17  1:41  Assimilator  
  17  1:48  Probe (Chrono Boost)  
  18  1:55  Assimilator  
  18  2:05  Probe (Chrono Boost)  
  19  2:20  Nexus  
  19  2:31  Cybernetics Core  
  19  2:37  Probe (Chrono Boost)  
  20  2:48  Probe (Chrono Boost)  
  21  3:00  Probe (Chrono Boost)  
  21  3:09  Pylon  
  22  3:34  Stalker  
  25  3:51  Probe (Chrono Boost)  
  25  4:02  Gateway  
  25  4:07  Gateway  
  25  4:08  Stalker (Chrono Boost), Probe (Chrono Boost)  
  28  4:28  Warp Gate  
  28  4:36  Probe (Chrono Boost)  
  28  4:39  Probe (Chrono Boost)  
  30  4:49  Probe (Chrono Boost)  
  30  4:56  Stalker  
  30  4:58  Probe (Chrono Boost)  
  34  5:01  Probe (Chrono Boost)  
  35  5:14  Probe (Chrono Boost)  
  35  5:16  Robotics Facility  
  36  5:30  Twilight Council  
  36  5:34  Probe x2 (Chrono Boost)  
  38  5:45  Pylon  
  38  5:48  Pylon  
  40  5:51  Probe x2 (Chrono Boost)  
  40  6:06  Stalker  
  40  6:08  Probe x2 (Chrono Boost), Stalker  
  46  6:14  Stalker  
  48  6:25  Probe x2 (Chrono Boost)  
  50  6:47  Gateway  
  50  6:49  Gateway  
  50  6:51  Gateway  
  50  6:54  Gateway  
  50  7:08  Pylon  
  50  7:11  Pylon  
  50  7:32  Stalker  
  50  7:35  Adept  
  50  7:36  Adept  
  56  7:48  Probe (Chrono Boost)  
  58  7:51  Probe (Chrono Boost)  
  58  7:54  Immortal (Chrono Boost)  
  58  7:58  Charge  
  58  8:04  Probe (Chrono Boost)  
  58  8:06  Probe (Chrono Boost)  
  64  8:12  Assimilator  
  64  8:15  Assimilator  
  64  8:36  Templar Archives  
  64  8:43  Adept x2  
  64  8:45  Adept  
  64  8:46  Adept  
  74  8:52  Warp Prism (Chrono Boost)  
  64  9:39  Observer (Chrono Boost)  
  65  9:59  Stalker  
  67  10:00  Stalker  
  67  10:01  Stalker  
  67  10:03  Stalker  
  67  10:04  Stalker  
  67  10:05  Stalker  
  77  10:24  Probe  
  77  10:26  Pylon  
  78  10:30  Pylon  
  78  10:36  Pylon  
  78  10:39  Pylon  
  78  10:51  Probe  
  78  10:59  Immortal (Chrono Boost)  
  83  11:13  Gateway  
  83  11:18  Gateway  
  83  11:20  Gateway  
  83  11:22  Stalker  
  83  11:25  Stalker x2  
  83  11:28  Zealot  
  83  11:29  Zealot  
  93  11:30  Zealot  
  93  11:31  Zealot  
  101  11:54  Immortal (Chrono Boost)  
  101  12:07  Zealot  
  101  12:08  Zealot x2  
  101  12:09  Zealot  
  109  12:28  Pylon  
  109  12:30  Pylon  
  109  12:33  Pylon  
  109  12:36  Pylon  
  109  13:13  Zealot  
  109  13:14  Zealot  
  109  13:15  Zealot x2  
  109  13:16  Zealot  
  109  13:17  Immortal (Chrono Boost)  
  109  13:18  Zealot  
  109  13:19  Zealot  
  123  13:21  Zealot x2  
  123  13:27  Pylon  
  123  13:29  Pylon  
  131  13:32  Pylon  
  131  13:47  Zealot x2  
  131  13:48  Zealot  
  131  13:49  Zealot x2  
  145  14:13  Immortal (Chrono Boost)  
  145  14:21  Forge  
  121  15:15  Stalker x2  
  121  15:16  Stalker  
  121  15:17  Stalker x2  
  121  15:18  Stalker  
  121  15:19  Stalker  
  135  15:22  Zealot  
  135  15:23  Zealot  
  139  15:52  Stalker x2  
  139  15:53  Nexus, Stalker x2  
  139  15:54  Stalker  
  139  15:55  Stalker  
  139  15:58  High Templar  
  139  15:59  High Templar  
  155  16:01  Zealot  
  157  16:10  Archon  
  136  17:26  Stalker x2  
  136  17:27  Stalker  
  136  17:28  Stalker  
  140  17:30  Stalker x2  
  140  17:31  Stalker  
  140  17:32  Stalker  
  140  17:34  Stalker  
  150  18:01  Photon Cannon  
  150  18:02  Photon Cannon  
  150  18:05  Photon Cannon  
  150  18:07  Photon Cannon  
  150  18:10  Photon Cannon  
  150  18:34  Assimilator  
  150  18:37  Assimilator  
  128  19:15  Stalker  
  128  19:16  Zealot  
  130  19:20  Zealot  
  130  19:21  Zealot  
  130  19:22  Zealot  
  130  19:23  Zealot  
  130  19:24  Zealot  
  130  19:25  Zealot  
  130  19:26  Zealot  
  136  21:18  High Templar x2  
  136  21:19  High Templar  
  142  21:20  High Templar x2  
  142  21:21  High Templar  
  142  21:22  High Templar  
  142  21:23  High Templar x2  
  142  21:28  Archon  
  142  21:29  Archon x3  
  154  22:47  Observer (Chrono Boost)  
  155  22:55  Stalker  
  155  22:56  Stalker  
  155  22:58  Stalker  
  155  22:59  High Templar  
  163  23:01  Zealot  
  163  23:02  Zealot x2  
  163  23:03  Zealot  
  163  23:04  Zealot  
  173  24:00  Observer  
  173  25:55  Nexus  
  173  27:16  Stalker  
  173  27:17  Stalker x2  
  173  27:18  Stalker  
  181  29:30  Assimilator  
  181  29:36  Assimilator  
  181  29:47  Pylon  
  181  29:49  Pylon  
  181  29:52  Pylon  
  181  30:06  Stalker x2  
  181  30:07  Stalker  
  181  30:08  Stalker x2  
  181  30:09  Stalker  
  193  30:10  Zealot  
  193  30:14  Stalker  
  193  30:16  Zealot  
  197  31:45  Nexus  
  197  31:51  Zealot  
  199  32:49  Photon Cannon  
  199  32:51  Photon Cannon  
  199  32:54  Photon Cannon  
  199  32:56  Photon Cannon  
  199  32:59  Photon Cannon  
  199  33:01  Photon Cannon  
  199  33:54  Pylon  
  199  33:57  Pylon  
  199  33:59  Pylon  
  197  34:03  Pylon  
  197  35:20  Stalker  
  195  35:58  Photon Cannon  
  195  36:00  Photon Cannon  
  195  36:03  Photon Cannon  
  195  36:06  Photon Cannon  
  195  36:08  Photon Cannon  
  195  36:11  Photon Cannon  
  195  36:13  Photon Cannon  
  195  36:22  Stalker  
  195  36:23  Stalker  
  193  38:50  Stalker  
  193  38:51  Stalker  
  193  38:52  Stalker  
  199  39:49  Nexus  
Tags
 
League
Gold
Matchup
Co-op
Add a new tag
Caveats
  • Supply blocks, unpowered buildings, or Contaminate may cause inaccurate times.
  • Supply counts are checked every 10 seconds.